Wolfpack vs Roadrunners

Created - May 1, 2024 at 22:33

Goals
1 2 3 T
Wolfpack 0 0 1 1
Roadrunners 1 3 2 6
Shots
1 2 3 T
Wolfpack 9 7 10 26
Roadrunners 20 9 23 52

1st period

1. Roadrunners , Zack Kassian 2 (Jeff Malott 2, Oskar Steen 4) at 10:01 (PP)

Penalties :
Nicolas Deslauriers (HAR) for Hooking (Minor) at 8:59, Calvin De Haan (TUS) for High sticking (Minor) at 13:38, Xavier Ouellet (HAR) for Hooking (Minor) at 18:24

2nd period

2. Roadrunners , Jeff Malott 4 (Oskar Steen 5) at 6:06 (PP)
3. Roadrunners , Oskar Steen 2 (Zack Kassian 5, Dmitri Samorukov 2) at 8:34 (PP)
4. Roadrunners , Zach Senyshyn 2 (Clark Bishop 1, Anton Blidh 3) at 9:06

Penalties :
Buddy Robinson (TUS) for Interference (Minor) at 1:45, Seth Griffith (HAR) for Hooking (Minor) at 6:02, Jeff Malott (TUS) for Fighting (Major) at 6:12, Ty Emberson (HAR) for Fighting (Major) at 6:12, Nicolas Deslauriers (HAR) for Interference (Minor) at 6:46, Brian Lashoff (HAR) for Tripping (Minor) at 9:11, Xavier Ouellet (HAR) for Hooking (Minor) at 9:37, Jacob MacDonald (HAR) for High sticking (Minor) at 13:46, Ty Emberson (HAR) for Hooking (Minor) at 18:05

3rd period

5. Roadrunners , Joona Koppanen 1 (Noah Philp 2, Dylan Coghlan 1) at 12:18
6. Roadrunners , Oskar Olausson 1 (Jakub Lauko 2, Dylan Coghlan 2) at 15:52
7. Wolfpack , Nicolas Deslauriers 1 (Jacob MacDonald 3, Charles Hudon 1) at 17:54

Penalties :
Buddy Robinson (TUS) for Roughing (Minor) at 0:02, Jakub Lauko (TUS) for Roughing (Minor) at 1:39, David Gust (HAR) for Hooking (Minor) at 1:39, Nicolas Deslauriers (HAR) for Unsportsmanlike conduct (Minor) at 8:22, Vasili Ponomarev (HAR) for Tripping (Minor) at 12:51, Noah Philp (TUS) for Fighting (Major) at 14:51, Brian Lashoff (HAR) for Fighting (Major) at 14:51, Brian Lashoff (HAR) for instigated a fight (Game Misconduct) at 14:51, Tanner Fritz (TUS) for Roughing (Minor) at 14:51, Joona Koppanen (TUS) for Roughing (Minor) at 14:51, Joel Hanley (HAR) for High sticking (Minor) at 14:51, Benoit-Olivier Groulx (HAR) for Boarding (Minor) at 14:51, Calvin De Haan (TUS) for Hooking (Minor) at 14:51, Jack Ahcan (TUS) for Boarding (Minor) at 17:49

Goalie Stats

Samuel Ersson (HAR), 46 saves from 52 shots - (0.885), L, 1-2-1, 60:00 minutes
Mads Sogaard (TUS), 25 saves from 26 shots - (0.962), W, 3-1-0, 60:00 minutes

Players Stats for Wolfpack

Player Name              G  A  P  +/- PIM S  H  SB GA TA FO     MP     PP MP  PK MP  
------------------------------------------------------------------------------------
Benoit-Olivier Groulx    0  0  0  -2  2   5  1  0  0  0  10/17  13:32   0:00   1:10 
Brian Lashoff            0  0  0   0  19  0  0  2  0  0  0/0    16:45   0:00   5:56 
Charles Hudon            0  1  1   1  0   2  1  0  0  0  11/24  15:38   2:29   4:35 
Colton White             0  0  0   0  0   2  0  0  0  0  0/0    18:16   2:34   3:04 
Connor Zary              0  0  0  -2  0   1  2  0  0  0  0/1    12:11   0:00   0:00 
David Gust               0  0  0   0  2   3  0  0  0  0  1/2    24:28   2:28   9:02 
Evgeny Svechnikov        0  0  0   0  0   0  0  0  0  0  0/1     0:23   0:00   0:00 
Jacob MacDonald          0  1  1   0  2   0  2  3  0  0  0/0    24:49   2:34   6:50 
Joel Hanley              0  0  0   0  2   0  1  3  0  0  0/0    18:04   0:00   4:47 
John Leonard             0  0  0   0  0   2  0  0  0  0  0/1    16:50   3:04   1:21 
Mackenzie Entwistle      0  0  0   0  0   2  3  0  0  0  1/1    14:46   3:04   0:00 
Marco Rossi              0  0  0   0  0   0  0  0  0  0  0/0     1:00   0:00   0:00 
Mavrik Bourque           0  0  0   0  0   0  0  0  0  0  3/7     5:26   0:00   4:32 
Nicolas Deslauriers      1  0  1   0  6   1  7  1  0  0  7/19   21:37   2:29   5:27 
Seth Griffith            0  0  0   0  2   3  0  0  0  0  14/22  20:11   3:04   4:35 
Ty Emberson              0  0  0  -2  7   0  2  1  0  0  0/0    17:56   2:59   3:54 
Vasili Ponomarev         0  0  0  -2  2   4  0  0  0  0  3/6    16:15   0:00   0:00 
Xavier Ouellet           0  0  0  -2  4   1  2  1  0  0  0/0    22:52   2:59   3:51 

Players Stats for Roadrunners

Player Name              G  A  P  +/- PIM S  H  SB GA TA FO     MP     PP MP  PK MP  
------------------------------------------------------------------------------------
Anton Blidh              0  1  1   0  0   4  1  0  0  0  1/1    13:36   0:00   0:24 
Buddy Robinson           0  0  0   0  4   5  2  0  0  0  0/0    15:08   8:11   0:00 
Calvin De Haan           0  0  0   1  4   2  2  1  0  0  0/0    11:40   0:04   0:00 
Clark Bishop             0  1  1   0  0   3  0  0  0  0  10/23  13:28   0:04   0:00 
Dmitri Samorukov         0  1  1  -1  0   0  1  0  0  0  0/0    23:06   6:09   2:37 
Dylan Coghlan            0  2  2   2  0   4  0  1  0  0  0/0    24:27   8:33   3:18 
Jack Ahcan               0  0  0   2  2   2  0  0  0  0  0/0    23:43   8:12   3:18 
Jakub Lauko              0  1  1   1  2   7  4  0  0  0  1/3    16:54   7:40   1:49 
Jeff Malott              1  1  2   0  5   3  3  0  0  0  2/6    18:42   5:09   3:43 
Joona Koppanen           1  0  1   1  2   5  2  0  0  0  16/25  23:44   8:12   2:12 
Noah Philp               0  1  1   1  5   0  0  0  0  0  2/7     6:05   0:00   0:00 
Oskar Olausson           1  0  1   1  0   3  0  0  0  0  0/0     5:26   2:22   0:00 
Oskar Steen              1  2  3   0  0   2  0  0  0  0  15/29  17:16   6:30   0:00 
Philip Kemp              0  0  0   1  0   0  0  0  0  0  0/0    13:21   0:25   0:00 
Ryker Evans              0  0  0  -1  0   0  3  3  0  0  0/0    23:06   6:09   2:37 
Tanner Fritz             0  0  0   1  2   1  1  0  0  0  1/3     6:45   0:00   0:00 
Zach Senyshyn            1  0  1   0  0   3  2  0  0  0  1/1    11:45   0:00   0:00 
Zack Kassian             1  1  2   0  0   8  0  2  0  0  2/3    21:43   6:09   3:19 

3 Stars

1 - Oskar Steen (TUS)
2 - Zack Kassian (TUS)
3 - Dylan Coghlan (TUS)

Power Play

Wolfpack - 0 on 5 Attempt(s) - 0.00%
Roadrunners - 3 on 11 Attempt(s) - 27.27%

Penalty Kill

Wolfpack - 8 on 11 Attempt(s) - 72.73% - Score 0 goal in Penalty Kill
Roadrunners - 5 on 5 Attempt(s) - 100.00% - Score 0 goal in Penalty Kill

Team Stat

Wolfpack - Hits : 21 - Faceoff Wins : 50 - Blocked Shots : 11 - Penalty Minutes : 48
Roadrunners - Hits : 21 - Faceoff Wins : 51 - Blocked Shots : 7 - Penalty Minutes : 26

Official

Referees : Morgan Macphee and Justin St. Pierre
Linesman : Brad Kovachik and Jonathan Deschamps

Game Notes

Jeff Malott and Ty Emberson fight to a draw at 6:12 of 2nd period
General Fight at 14:51 of 3rd period
Noah Philp and Brian Lashoff fight to a draw at 14:51 of 3rd period
Brian Lashoff (HAR) for instigated a fight (Game Misconduct) at 14:51
Brian Lashoff ejected from game at 14:51 of 3rd period

Finance

Level 1 -- Attendance: 2000 (100.00%) -- Ticket Income $70,000
Level 2 -- Attendance: 1000 (100.00%) -- Ticket Income $15,000
Total Attendance: 3000 (100.00%)
Total Ticket Income: $85,000
Other Income: $41,650
Total Income: $126,650

Wolfpack

5 vs 5 Forward 
   Center                   Left Wing                Right Wing               Time % Phy DF OF 
 1 Charles Hudon            Nicolas Deslauriers      David Gust               25     1   2  2  
 2 Seth Griffith            Mackenzie Entwistle      John Leonard             25     1   2  2  
 3 Benoit-Olivier Groulx    Vasili Ponomarev         Connor Zary              25     1   2  2  
 4 Vasili Ponomarev         Nicolas Deslauriers      David Gust               25     1   2  2  

5 vs 5 Defense 
   Defense                  Defense                                           Time % Phy DF OF 
 1 Jacob MacDonald          Colton White                                      25     1   2  2  
 2 Xavier Ouellet           Ty Emberson                                       25     1   2  2  
 3 Brian Lashoff            Joel Hanley                                       25     1   2  2  
 4 Jacob MacDonald          Xavier Ouellet                                    25     1   2  2  

PowerPlay Forward 
   Center                   Left Wing                Right Wing               Time % Phy DF OF 
 1 Charles Hudon            Nicolas Deslauriers      David Gust               60     1   2  2  
 2 Seth Griffith            Mackenzie Entwistle      John Leonard             40     1   2  2  

PowerPlay Defense
   Defense                  Defense                                           Time % Phy DF OF 
 1 Jacob MacDonald          Colton White                                      60     1   2  2  
 2 Xavier Ouellet           Ty Emberson                                       40     1   2  2  

Penalty Kill 4 Players Forward 
   Center                   Wing                     Time % Phy DF OF 
 1 Nicolas Deslauriers      David Gust               60     1   2  2  
 2 Charles Hudon            Seth Griffith            40     1   2  2  

Penalty Kill 4 Players Defense
   Defense                  Defense                  Time % Phy DF OF 
 1 Jacob MacDonald          Brian Lashoff            60     1   2  2  
 2 Xavier Ouellet           Ty Emberson              40     1   2  2  

Penalty Kill - 3 Players Forward 
   Forward                                           Time % Phy DF OF 
 1 Nicolas Deslauriers                               60     1   2  2  
 2 David Gust                                        40     1   2  2  

Penalty Kill - 3 Players Defense
   Defense                  Defense                  Time % Phy DF OF 
 1 Jacob MacDonald          Brian Lashoff            60     1   2  2  
 2 Xavier Ouellet           Ty Emberson              40     1   2  2  

4 vs 4 Forward 
   Center                   Wing                     Time % Phy DF OF 
 1 Nicolas Deslauriers      David Gust               60     1   2  2  
 2 Charles Hudon            Seth Griffith            40     1   2  2  

4 vs 4 Defense
   Defense                  Defense                  Time % Phy DF OF 
 1 Jacob MacDonald          Colton White             60     1   2  2  
 2 Xavier Ouellet           Ty Emberson              40     1   2  2  

Last Minutes Offensive
   Center                   Left Wing                Right Wing               Defense                  Defense                  
   Charles Hudon            Nicolas Deslauriers      David Gust               Jacob MacDonald          Colton White             

Last Minutes Defensive
   Center                   Left Wing                Right Wing               Defense                  Defense                  
   Charles Hudon            Nicolas Deslauriers      David Gust               Jacob MacDonald          Colton White             

Goaltenders
Starting : Samuel Ersson            
Backup : Jesper Wallstedt         

Extra Forwards
Normal : Marco Rossi, David Gust, Nicolas Deslauriers - PP : Marco Rossi, David Gust - PK : Nicolas Deslauriers
Extra Defensemen
Normal : Brian Lashoff, Jacob MacDonald, Xavier Ouellet - PP : Brian Lashoff - PK : Jacob MacDonald, Xavier Ouellet
Penalty Shots
Nicolas Deslauriers, David Gust, Charles Hudon, Seth Griffith, Mackenzie Entwistle
Custom OT Lines Forwards
Nicolas Deslauriers, David Gust, Charles Hudon, Seth Griffith, Mackenzie Entwistle, Benoit-Olivier Groulx, Vasili Ponomarev, John Leonard, Connor Zary, Marco Rossi
Custom OT Lines Defensemen
Jacob MacDonald, Colton White, Xavier Ouellet, Ty Emberson, Brian Lashoff

Scratches
Hendrix Lapierre (Healthy), Jonny Brodzinski (Healthy), Drew Helleson (Healthy), Tyler Madden (Healthy), Ryan Fitzgerald (Healthy)
Cole Bardreau (Healthy), Tyler Spezia (Healthy)

Roadrunners

5 vs 5 Forward 
   Center                   Left Wing                Right Wing               Time % Phy DF OF 
 1 Joona Koppanen           Jakub Lauko              Buddy Robinson           25     1   2  2  
 2 Oskar Steen              Jeff Malott              Zack Kassian             25     1   2  2  
 3 Clark Bishop             Anton Blidh              Zach Senyshyn            25     1   2  2  
 4 Noah Philp               Joona Koppanen           Tanner Fritz             25     1   2  2  

5 vs 5 Defense 
   Defense                  Defense                                           Time % Phy DF OF 
 1 Dylan Coghlan            Jack Ahcan                                        25     1   2  2  
 2 Dmitri Samorukov         Ryker Evans                                       25     1   2  2  
 3 Philip Kemp              Calvin De Haan                                    25     1   2  2  
 4 Dylan Coghlan            Jack Ahcan                                        25     1   2  2  

PowerPlay Forward 
   Center                   Left Wing                Right Wing               Time % Phy DF OF 
 1 Joona Koppanen           Jakub Lauko              Buddy Robinson           60     1   2  2  
 2 Oskar Steen              Jeff Malott              Zack Kassian             40     1   2  2  

PowerPlay Defense
   Defense                  Defense                                           Time % Phy DF OF 
 1 Dylan Coghlan            Jack Ahcan                                        60     1   2  2  
 2 Dmitri Samorukov         Ryker Evans                                       40     1   2  2  

Penalty Kill 4 Players Forward 
   Center                   Wing                     Time % Phy DF OF 
 1 Jeff Malott              Zack Kassian             60     1   2  2  
 2 Joona Koppanen           Jakub Lauko              40     1   2  2  

Penalty Kill 4 Players Defense
   Defense                  Defense                  Time % Phy DF OF 
 1 Dylan Coghlan            Jack Ahcan               60     1   2  2  
 2 Dmitri Samorukov         Ryker Evans              40     1   2  2  

Penalty Kill - 3 Players Forward 
   Forward                                           Time % Phy DF OF 
 1 Joona Koppanen                                    60     1   2  2  
 2 Zack Kassian                                      40     1   2  2  

Penalty Kill - 3 Players Defense
   Defense                  Defense                  Time % Phy DF OF 
 1 Dylan Coghlan            Jack Ahcan               60     1   2  2  
 2 Dmitri Samorukov         Ryker Evans              40     1   2  2  

4 vs 4 Forward 
   Center                   Wing                     Time % Phy DF OF 
 1 Clark Bishop             Zack Kassian             60     1   2  2  
 2 Joona Koppanen           Jakub Lauko              40     1   2  2  

4 vs 4 Defense
   Defense                  Defense                  Time % Phy DF OF 
 1 Dylan Coghlan            Jack Ahcan               60     1   2  2  
 2 Dmitri Samorukov         Ryker Evans              40     1   2  2  

Last Minutes Offensive
   Center                   Left Wing                Right Wing               Defense                  Defense                  
   Joona Koppanen           Jakub Lauko              Buddy Robinson           Dylan Coghlan            Jack Ahcan               

Last Minutes Defensive
   Center                   Left Wing                Right Wing               Defense                  Defense                  
   Joona Koppanen           Jakub Lauko              Buddy Robinson           Dylan Coghlan            Jack Ahcan               

Goaltenders
Starting : Mads Sogaard             
Backup : Kyle Keyser              

Extra Forwards
Normal : Oskar Olausson, Clark Bishop, Anton Blidh - PP : Oskar Olausson, Clark Bishop - PK : Anton Blidh
Extra Defensemen
Normal : Philip Kemp, Dylan Coghlan, Dmitri Samorukov - PP : Philip Kemp - PK : Jack Ahcan, Dmitri Samorukov
Penalty Shots
Anton Blidh, Zack Kassian, Joona Koppanen, Jakub Lauko, Jeff Malott
Custom OT Lines Forwards
Buddy Robinson, Zack Kassian, Joona Koppanen, Jakub Lauko, Jeff Malott, Oskar Steen, Clark Bishop, Anton Blidh, Zach Senyshyn, Noah Philp
Custom OT Lines Defensemen
Dylan Coghlan, Jack Ahcan, Dmitri Samorukov, Ryker Evans, Philip Kemp

Scratches
Samuel Asselin (Healthy), Max Ellis (Healthy), Hunter Drew (Healthy), Roman Ahcan (Healthy), Cam Hausinger (Healthy)
Wyatt Newpower (Healthy)

% Time on Ice - Wolfpack

Lines # - Real PCT - Wanted PCT - Time Play
Normal Forward
1 - 22% - 25% - 7:43
2 - 33% - 25% - 11:42
3 - 34% - 25% - 12:11
4 - 11% - 25% - 4:05
Normal Defense
1 - 28% - 25% - 9:59
2 - 26% - 25% - 9:17
3 - 37% - 25% - 13:11
4 - 9% - 25% - 3:14
PP Forward
1 - 45% - 60% - 2:29
2 - 55% - 40% - 3:04
PP Defense
1 - 46% - 60% - 2:34
2 - 54% - 40% - 2:59
PK Forward
1 - 69% - 60% - 10:11
2 - 31% - 40% - 4:35
PK Defense
1 - 51% - 60% - 7:34
2 - 49% - 40% - 7:12
PK3 Forward
1 - 0% - 60%
2 - 0% - 40%
PK3 Defense
1 - 0% - 60%
2 - 0% - 40%
44 Forward
1 - 79% - 60% - 3:09
2 - 21% - 40% - 0:51
44 Defense
1 - 56% - 60% - 2:15
2 - 44% - 40% - 1:45
Last Minute Offensive  - 0:00
Last Minute Defensive  - 0:00
Total
Forward - 60:00
Defense - 60:00

% Time on Ice - Roadrunners

Lines # - Real PCT - Wanted PCT - Time Play
Normal Forward
1 - 18% - 25% - 6:24
2 - 30% - 25% - 10:46
3 - 33% - 25% - 11:45
4 - 19% - 25% - 6:46
Normal Defense
1 - 17% - 25% - 6:02
2 - 34% - 25% - 12:13
3 - 33% - 25% - 11:38
4 - 16% - 25% - 5:48
PP Forward
1 - 56% - 60% - 8:16
2 - 44% - 40% - 6:30
PP Defense
1 - 58% - 60% - 8:37
2 - 42% - 40% - 6:09
PK Forward
1 - 67% - 60% - 3:43
2 - 33% - 40% - 1:50
PK Defense
1 - 59% - 60% - 3:18
2 - 41% - 40% - 2:15
PK3 Forward
1 - 100% - 60% - 0:22
2 - 0% - 40% - 0:00
PK3 Defense
1 - 0% - 60% - 0:00
2 - 100% - 40% - 0:22
44 Forward
1 - 67% - 60% - 2:26
2 - 33% - 40% - 1:12
44 Defense
1 - 42% - 60% - 1:31
2 - 58% - 40% - 2:07
Last Minute Offensive  - 0:00
Last Minute Defensive  - 0:00
Total
Forward - 60:00
Defense - 60:00

Play-by-Play

1st period


0:01 of 1st period - Joona Koppanen wins face-off versus David Gust in neutral zone.
0:11 of 1st period - Colton White is hit by Joona Koppanen and loses puck.
1:04 of 1st period - Shot by Zack Kassian.
1:04 of 1st period - Stopped by Samuel Ersson with a rebound.
1:06 of 1st period - Shot by Zack Kassian.
1:06 of 1st period - Stopped by Samuel Ersson with a rebound.
1:28 of 1st period - Shot by Zack Kassian.
1:28 of 1st period - Stopped by Samuel Ersson without a rebound.
1:29 of 1st period - Benoit-Olivier Groulx wins face-off versus Clark Bishop in Wolfpack zone.
1:29 of 1st period - Benoit-Olivier Groulx is hit by Zach Senyshyn.
2:01 of 1st period - Shot by Zach Senyshyn.
2:01 of 1st period - Stopped by Samuel Ersson with a rebound.
2:05 of 1st period - Shot by Anton Blidh.
2:05 of 1st period - Stopped by Samuel Ersson with a rebound.
2:26 of 1st period - Jack Ahcan is hit by Jacob MacDonald.
2:32 of 1st period - Shot by Tanner Fritz.
2:32 of 1st period - Shot Misses the Net.
2:51 of 1st period - Icing by Nicolas Deslauriers.
2:52 of 1st period - Charles Hudon wins face-off versus Oskar Steen in Wolfpack zone.
2:52 of 1st period - Charles Hudon is hit by Jeff Malott.
2:55 of 1st period - Icing by Nicolas Deslauriers.
2:56 of 1st period - Charles Hudon wins face-off versus Oskar Steen in Wolfpack zone.
3:24 of 1st period - Oskar Steen is hit by Jacob MacDonald and loses puck.
3:49 of 1st period - Colton White is hit by Anton Blidh.
3:58 of 1st period - Icing by Colton White.
3:59 of 1st period - Charles Hudon wins face-off versus Tanner Fritz in Wolfpack zone.
4:09 of 1st period - Icing by Dylan Coghlan.
4:10 of 1st period - Benoit-Olivier Groulx wins face-off versus Noah Philp in Roadrunners zone.
4:21 of 1st period - Shot by Benoit-Olivier Groulx.
4:21 of 1st period - Stopped by Mads Sogaard with a rebound.
4:23 of 1st period - Shot by Vasili Ponomarev.
4:23 of 1st period - Shot Misses the Net.
4:54 of 1st period - Off-side.
4:55 of 1st period - Seth Griffith wins face-off versus Clark Bishop in neutral zone.
5:06 of 1st period - Shot by John Leonard.
5:06 of 1st period - Shot Misses the Net.
5:24 of 1st period - Shot by Anton Blidh.
5:24 of 1st period - Stopped by Samuel Ersson with a rebound.
6:12 of 1st period - Shot by Zack Kassian.
6:12 of 1st period - Shot Blocked by Joel Hanley.
6:14 of 1st period - Shot by Jeff Malott.
6:14 of 1st period - Shot Misses the Net.
6:16 of 1st period - Shot by Jeff Malott.
6:16 of 1st period - Stopped by Samuel Ersson without a rebound.
6:17 of 1st period - Charles Hudon wins face-off versus Joona Koppanen in Wolfpack zone.
6:26 of 1st period - Icing by Colton White.
6:27 of 1st period - Tanner Fritz wins face-off versus Charles Hudon in Wolfpack zone.
7:11 of 1st period - Shot by Vasili Ponomarev.
7:11 of 1st period - Shot Misses the Net.
7:25 of 1st period - Shot by Benoit-Olivier Groulx.
7:25 of 1st period - Stopped by Mads Sogaard without a rebound.
7:26 of 1st period - Seth Griffith wins face-off versus Clark Bishop in Roadrunners zone.
7:34 of 1st period - John Leonard is hit by Calvin De Haan and loses puck.
8:01 of 1st period - Shot by Calvin De Haan.
8:01 of 1st period - Stopped by Samuel Ersson with a rebound.
8:08 of 1st period - Icing by Seth Griffith.
8:09 of 1st period - Oskar Steen wins face-off versus Seth Griffith in Wolfpack zone.
8:09 of 1st period - Oskar Steen is hit by Ty Emberson.
8:28 of 1st period - Xavier Ouellet is hit by Dmitri Samorukov and loses puck.
8:39 of 1st period - Seth Griffith is hit by Jeff Malott and loses puck.
8:59 of 1st period - Minor Penalty to Nicolas Deslauriers for Hooking.
9:00 of 1st period - Joona Koppanen wins face-off versus Mavrik Bourque in Wolfpack zone.
9:09 of 1st period - Shot by Dylan Coghlan.
9:09 of 1st period - Stopped by Samuel Ersson with a rebound.
9:11 of 1st period - Shot by Buddy Robinson.
9:11 of 1st period - Deflect By Jakub Lauko.
9:11 of 1st period - Stopped by Samuel Ersson without a rebound.
9:12 of 1st period - Joona Koppanen wins face-off versus Mavrik Bourque in Wolfpack zone.
9:13 of 1st period - Shot by Buddy Robinson.
9:13 of 1st period - Shot Misses the Net.
9:49 of 1st period - Off-side.
9:50 of 1st period - Oskar Steen wins face-off versus Mavrik Bourque in neutral zone.
9:57 of 1st period - Shot by Oskar Steen.
9:57 of 1st period - Shot Misses the Net.
9:59 of 1st period - Shot by Jeff Malott.
9:59 of 1st period - Shot Misses the Net.
10:01 of 1st period - Shot by Zack Kassian.
10:01 of 1st period - Goal by Zack Kassian - Wolfpack : 0 - Roadrunners : 1.
10:02 of 1st period - Benoit-Olivier Groulx wins face-off versus Clark Bishop in neutral zone.
11:00 of 1st period - Tanner Fritz is hit by Mackenzie Entwistle and loses puck.
11:07 of 1st period - Shot by Seth Griffith.
11:07 of 1st period - Stopped by Mads Sogaard without a rebound.
11:08 of 1st period - Oskar Steen wins face-off versus Charles Hudon in Roadrunners zone.
11:23 of 1st period - Shot by David Gust.
11:23 of 1st period - Deflect By Charles Hudon.
11:23 of 1st period - Stopped by Mads Sogaard without a rebound.
11:24 of 1st period - Benoit-Olivier Groulx wins face-off versus Joona Koppanen in Roadrunners zone.
11:24 of 1st period - Vasili Ponomarev is hit by Ryker Evans and loses puck.
11:28 of 1st period - Icing by Dmitri Samorukov.
11:29 of 1st period - Joona Koppanen wins face-off versus Vasili Ponomarev in Roadrunners zone.
11:42 of 1st period - Shot by Buddy Robinson.
11:42 of 1st period - Shot Misses the Net.
11:44 of 1st period - Shot by Jakub Lauko.
11:44 of 1st period - Stopped by Samuel Ersson without a rebound.
11:45 of 1st period - Seth Griffith wins face-off versus Zack Kassian in Wolfpack zone.
11:58 of 1st period - Shot by Colton White.
11:58 of 1st period - Stopped by Mads Sogaard with a rebound.
12:04 of 1st period - Shot by John Leonard.
12:04 of 1st period - Shot Misses the Net.
12:08 of 1st period - Shot by Seth Griffith.
12:08 of 1st period - Deflect By Mackenzie Entwistle.
12:08 of 1st period - Shot Blocked by Dylan Coghlan.
12:48 of 1st period - Shot by Buddy Robinson.
12:48 of 1st period - Shot Blocked by Joel Hanley.
12:50 of 1st period - Shot by Buddy Robinson.
12:50 of 1st period - Shot Misses the Net.
12:52 of 1st period - Shot by Jakub Lauko.
12:52 of 1st period - Deflect By Buddy Robinson.
12:52 of 1st period - Shot Misses the Net.
12:54 of 1st period - Shot by Jakub Lauko.
12:54 of 1st period - Shot Misses the Net.
13:04 of 1st period - Shot by Joona Koppanen.
13:04 of 1st period - Stopped by Samuel Ersson with a rebound.
13:06 of 1st period - Shot by Joona Koppanen.
13:06 of 1st period - Shot Misses the Net.
13:08 of 1st period - Shot by Jakub Lauko.
13:08 of 1st period - Stopped by Samuel Ersson without a rebound.
13:09 of 1st period - Benoit-Olivier Groulx wins face-off versus Clark Bishop in Wolfpack zone.
13:30 of 1st period - Shot by Zach Senyshyn.
13:30 of 1st period - Stopped by Samuel Ersson without a rebound.
13:31 of 1st period - Seth Griffith wins face-off versus Noah Philp in Wolfpack zone.
13:38 of 1st period - Minor Penalty to Calvin De Haan for High sticking.
13:39 of 1st period - Seth Griffith wins face-off versus Jeff Malott in Roadrunners zone.
13:44 of 1st period - Shot by Mackenzie Entwistle.
13:44 of 1st period - Shot Misses the Net.
13:46 of 1st period - Shot by Colton White.
13:46 of 1st period - Shot Misses the Net.
13:48 of 1st period - Shot by Jacob MacDonald.
13:48 of 1st period - Shot Blocked by Ryker Evans.
14:10 of 1st period - Shot by Jacob MacDonald.
14:10 of 1st period - Shot Misses the Net.
14:46 of 1st period - Shot by Xavier Ouellet.
14:46 of 1st period - Shot Blocked by Ryker Evans.
15:29 of 1st period - Shot by John Leonard.
15:29 of 1st period - Stopped by Mads Sogaard without a rebound.
15:30 of 1st period - Charles Hudon wins face-off versus Jeff Malott in Roadrunners zone.
15:30 of 1st period - David Gust is hit by Ryker Evans and loses puck.
15:42 of 1st period - Icing by Philip Kemp.
15:43 of 1st period - Benoit-Olivier Groulx wins face-off versus Clark Bishop in Roadrunners zone.
15:44 of 1st period - Shot by Vasili Ponomarev.
15:44 of 1st period - Stopped by Mads Sogaard without a rebound.
15:45 of 1st period - Clark Bishop wins face-off versus Benoit-Olivier Groulx in Roadrunners zone.
16:22 of 1st period - Shot by Benoit-Olivier Groulx.
16:22 of 1st period - Stopped by Mads Sogaard without a rebound.
16:23 of 1st period - Seth Griffith wins face-off versus Noah Philp in Roadrunners zone.
16:59 of 1st period - Off-side.
17:00 of 1st period - Oskar Steen wins face-off versus Charles Hudon in neutral zone.
17:08 of 1st period - Shot by Zack Kassian.
17:08 of 1st period - Stopped by Samuel Ersson without a rebound.
17:09 of 1st period - Vasili Ponomarev wins face-off versus Oskar Steen in Wolfpack zone.
17:32 of 1st period - Shot by Zack Kassian.
17:32 of 1st period - Stopped by Samuel Ersson without a rebound.
17:33 of 1st period - Seth Griffith wins face-off versus Joona Koppanen in Wolfpack zone.
17:33 of 1st period - Seth Griffith is hit by Jakub Lauko.
18:02 of 1st period - Shot by Mackenzie Entwistle.
18:02 of 1st period - Stopped by Mads Sogaard without a rebound.
18:03 of 1st period - Clark Bishop wins face-off versus Vasili Ponomarev in Roadrunners zone.
18:03 of 1st period - Dylan Coghlan is hit by Nicolas Deslauriers and loses puck.
18:24 of 1st period - Minor Penalty to Xavier Ouellet for Hooking.
18:25 of 1st period - Oskar Steen wins face-off versus Nicolas Deslauriers in Wolfpack zone.
18:33 of 1st period - Icing by Dmitri Samorukov.
18:34 of 1st period - Nicolas Deslauriers wins face-off versus Oskar Steen in Roadrunners zone.
18:40 of 1st period - Icing by Ryker Evans.
18:41 of 1st period - Oskar Steen wins face-off versus Nicolas Deslauriers in Roadrunners zone.
18:48 of 1st period - Shot by Zack Kassian.
18:48 of 1st period - Shot Misses the Net.
18:58 of 1st period - Shot by Dmitri Samorukov.
18:58 of 1st period - Shot Blocked by Brian Lashoff.
19:00 of 1st period - Shot by Zack Kassian.
19:00 of 1st period - Stopped by Samuel Ersson without a rebound.
19:01 of 1st period - Charles Hudon wins face-off versus Joona Koppanen in Wolfpack zone.
19:28 of 1st period - Shot by Dylan Coghlan.
19:28 of 1st period - Shot Misses the Net.
19:30 of 1st period - Shot by Dylan Coghlan.
19:30 of 1st period - Shot Misses the Net.
19:32 of 1st period - Shot by Buddy Robinson.
19:32 of 1st period - Shot Misses the Net.
19:34 of 1st period - Shot by Jack Ahcan.
19:34 of 1st period - Stopped by Samuel Ersson with a rebound.
19:38 of 1st period - Shot by Jakub Lauko.
19:38 of 1st period - Stopped by Samuel Ersson with a rebound.
Goals for this period are 0 for Wolfpack vs 1 for Roadrunners.
Shots for this period are 9 for Wolfpack vs 20 for Roadrunners.

2nd period


0:01 of 2nd period - Nicolas Deslauriers wins face-off versus Jakub Lauko in neutral zone.
0:32 of 2nd period - Icing by Philip Kemp.
0:33 of 2nd period - Seth Griffith wins face-off versus Oskar Steen in Roadrunners zone.
0:42 of 2nd period - Shot by Seth Griffith.
0:42 of 2nd period - Stopped by Mads Sogaard without a rebound.
0:43 of 2nd period - Vasili Ponomarev wins face-off versus Noah Philp in Roadrunners zone.
1:13 of 2nd period - Off-side.
1:14 of 2nd period - Seth Griffith wins face-off versus Clark Bishop in neutral zone.
1:16 of 2nd period - Joel Hanley is hit by Calvin De Haan and loses puck.
1:25 of 2nd period - John Leonard is hit by Zach Senyshyn and loses puck.
1:32 of 2nd period - Shot by Clark Bishop.
1:32 of 2nd period - Shot Misses the Net.
1:34 of 2nd period - Shot by Calvin De Haan.
1:34 of 2nd period - Shot Blocked by Brian Lashoff.
1:38 of 2nd period - Shot by Anton Blidh.
1:38 of 2nd period - Deflect By Clark Bishop.
1:38 of 2nd period - Shot Misses the Net.
1:40 of 2nd period - Shot by Clark Bishop.
1:40 of 2nd period - Shot Misses the Net.
1:42 of 2nd period - Shot by Calvin De Haan.
1:42 of 2nd period - Stopped by Samuel Ersson without a rebound.
1:43 of 2nd period - Benoit-Olivier Groulx wins face-off versus Jakub Lauko in Wolfpack zone.
1:45 of 2nd period - Minor Penalty to Buddy Robinson for Interference.
1:46 of 2nd period - Charles Hudon wins face-off versus Jeff Malott in Roadrunners zone.
1:57 of 2nd period - Shot by Charles Hudon.
1:57 of 2nd period - Shot Misses the Net.
1:59 of 2nd period - Shot by Nicolas Deslauriers.
1:59 of 2nd period - Shot Misses the Net.
2:34 of 2nd period - Icing by Mackenzie Entwistle.
2:35 of 2nd period - Joona Koppanen wins face-off versus Seth Griffith in Wolfpack zone.
3:26 of 2nd period - Icing by John Leonard.
3:27 of 2nd period - Seth Griffith wins face-off versus Jeff Malott in Wolfpack zone.
3:54 of 2nd period - Icing by Calvin De Haan.
3:55 of 2nd period - Joona Koppanen wins face-off versus Charles Hudon in Roadrunners zone.
3:55 of 2nd period - Tanner Fritz is hit by Nicolas Deslauriers and loses puck.
4:12 of 2nd period - Shot by David Gust.
4:12 of 2nd period - Stopped by Mads Sogaard without a rebound.
4:13 of 2nd period - Benoit-Olivier Groulx wins face-off versus Clark Bishop in Roadrunners zone.
6:02 of 2nd period - Minor Penalty to Seth Griffith for Hooking.
6:03 of 2nd period - Oskar Steen wins face-off versus Nicolas Deslauriers in Wolfpack zone.
6:04 of 2nd period - Shot by Jeff Malott.
6:04 of 2nd period - Shot Misses the Net.
6:06 of 2nd period - Shot by Jeff Malott.
6:06 of 2nd period - Goal by Jeff Malott - Wolfpack : 0 - Roadrunners : 2.
6:07 of 2nd period - Oskar Steen wins face-off versus Seth Griffith in neutral zone.
6:12 of 2nd period - Jeff Malott and Ty Emberson fight to a draw.
6:12 of 2nd period - Penalty to Jeff Malott for Fighting.
6:12 of 2nd period - Penalty to Ty Emberson for Fighting.
6:13 of 2nd period - Mackenzie Entwistle wins face-off versus Oskar Steen in Wolfpack zone.
6:17 of 2nd period - Off-side.
6:18 of 2nd period - Benoit-Olivier Groulx wins face-off versus Oskar Steen in neutral zone.
6:41 of 2nd period - Shot by Vasili Ponomarev.
6:41 of 2nd period - Stopped by Mads Sogaard without a rebound.
6:42 of 2nd period - Clark Bishop wins face-off versus Charles Hudon in Roadrunners zone.
6:42 of 2nd period - Anton Blidh is hit by Nicolas Deslauriers and loses puck.
6:46 of 2nd period - Minor Penalty to Nicolas Deslauriers for Interference.
6:47 of 2nd period - Mavrik Bourque wins face-off versus Joona Koppanen in Wolfpack zone.
7:56 of 2nd period - Shot by Benoit-Olivier Groulx.
7:56 of 2nd period - Stopped by Mads Sogaard without a rebound.
7:57 of 2nd period - Oskar Steen wins face-off versus Mavrik Bourque in Roadrunners zone.
8:08 of 2nd period - Icing by Dmitri Samorukov.
8:09 of 2nd period - Mavrik Bourque wins face-off versus Oskar Steen in Roadrunners zone.
8:34 of 2nd period - Shot by Oskar Steen.
8:34 of 2nd period - Goal by Oskar Steen - Wolfpack : 0 - Roadrunners : 3.
8:35 of 2nd period - Clark Bishop wins face-off versus Benoit-Olivier Groulx in neutral zone.
8:58 of 2nd period - Shot by Clark Bishop.
8:58 of 2nd period - Deflect By Zach Senyshyn.
8:58 of 2nd period - Shot Misses the Net.
9:02 of 2nd period - Shot by Anton Blidh.
9:02 of 2nd period - Deflect By Clark Bishop.
9:02 of 2nd period - Shot Misses the Net.
9:04 of 2nd period - Shot by Clark Bishop.
9:04 of 2nd period - Shot Misses the Net.
9:06 of 2nd period - Shot by Zach Senyshyn.
9:06 of 2nd period - Goal by Zach Senyshyn - Wolfpack : 0 - Roadrunners : 4.
9:07 of 2nd period - Noah Philp wins face-off versus Seth Griffith in neutral zone.
9:11 of 2nd period - Minor Penalty to Brian Lashoff for Tripping.
9:12 of 2nd period - Charles Hudon wins face-off versus Oskar Steen in Wolfpack zone.
9:37 of 2nd period - Minor Penalty to Xavier Ouellet for Hooking.
9:38 of 2nd period - Joona Koppanen wins face-off versus Nicolas Deslauriers in Wolfpack zone.
10:09 of 2nd period - Shot by Jakub Lauko.
10:09 of 2nd period - Stopped by Samuel Ersson without a rebound.
10:10 of 2nd period - Oskar Steen wins face-off versus Charles Hudon in Wolfpack zone.
10:11 of 2nd period - Shot by Oskar Olausson.
10:11 of 2nd period - Shot Misses the Net.
10:13 of 2nd period - Shot by Oskar Steen.
10:13 of 2nd period - Shot Misses the Net.
11:08 of 2nd period - Shot by Dylan Coghlan.
11:08 of 2nd period - Shot Blocked by Jacob MacDonald.
11:10 of 2nd period - Shot by Joona Koppanen.
11:10 of 2nd period - Stopped by Samuel Ersson without a rebound.
11:11 of 2nd period - Joona Koppanen wins face-off versus Nicolas Deslauriers in Wolfpack zone.
11:24 of 2nd period - Shot by Jakub Lauko.
11:24 of 2nd period - Shot Misses the Net.
11:26 of 2nd period - Shot by Joona Koppanen.
11:26 of 2nd period - Shot Misses the Net.
11:28 of 2nd period - Shot by Joona Koppanen.
11:28 of 2nd period - Stopped by Samuel Ersson without a rebound.
11:29 of 2nd period - Nicolas Deslauriers wins face-off versus Oskar Steen in Wolfpack zone.
11:42 of 2nd period - Shot by Connor Zary.
11:42 of 2nd period - Stopped by Mads Sogaard without a rebound.
11:43 of 2nd period - Clark Bishop wins face-off versus Benoit-Olivier Groulx in Roadrunners zone.
11:43 of 2nd period - Clark Bishop is hit by Connor Zary.
12:09 of 2nd period - Icing by Benoit-Olivier Groulx.
12:10 of 2nd period - Benoit-Olivier Groulx wins face-off versus Tanner Fritz in Wolfpack zone.
12:23 of 2nd period - Shot by Vasili Ponomarev.
12:23 of 2nd period - Stopped by Mads Sogaard without a rebound.
12:24 of 2nd period - Oskar Steen wins face-off versus Charles Hudon in Roadrunners zone.
12:47 of 2nd period - Shot by David Gust.
12:47 of 2nd period - Stopped by Mads Sogaard without a rebound.
12:48 of 2nd period - Seth Griffith wins face-off versus Joona Koppanen in Roadrunners zone.
13:46 of 2nd period - Minor Penalty to Jacob MacDonald for High sticking.
13:47 of 2nd period - Nicolas Deslauriers wins face-off versus Oskar Steen in Wolfpack zone.
14:10 of 2nd period - Shot by Jeff Malott.
14:10 of 2nd period - Shot Misses the Net.
14:22 of 2nd period - Charles Hudon is hit by Jeff Malott and loses puck.
14:47 of 2nd period - Shot by Buddy Robinson.
14:47 of 2nd period - Shot Misses the Net.
16:15 of 2nd period - Shot by Vasili Ponomarev.
16:15 of 2nd period - Shot Blocked by Calvin De Haan.
16:46 of 2nd period - Jacob MacDonald is hit by Tanner Fritz and loses puck.
16:55 of 2nd period - Shot by Tanner Fritz.
16:55 of 2nd period - Shot Misses the Net.
17:23 of 2nd period - Anton Blidh is hit by Nicolas Deslauriers and loses puck.
18:01 of 2nd period - Zack Kassian is hit by Mackenzie Entwistle and loses puck.
18:05 of 2nd period - Minor Penalty to Ty Emberson for Hooking.
18:06 of 2nd period - Joona Koppanen wins face-off versus Charles Hudon in Wolfpack zone.
18:13 of 2nd period - Shot by Buddy Robinson.
18:13 of 2nd period - Stopped by Samuel Ersson without a rebound.
18:14 of 2nd period - Joona Koppanen wins face-off versus Nicolas Deslauriers in Wolfpack zone.
18:17 of 2nd period - Shot by Jakub Lauko.
18:17 of 2nd period - Shot Blocked by Joel Hanley.
18:19 of 2nd period - Shot by Dylan Coghlan.
18:19 of 2nd period - Stopped by Samuel Ersson without a rebound.
18:20 of 2nd period - Zack Kassian wins face-off versus Nicolas Deslauriers in Wolfpack zone.
18:21 of 2nd period - Shot by Jeff Malott.
18:21 of 2nd period - Shot Blocked by Jacob MacDonald.
19:13 of 2nd period - Shot by Joona Koppanen.
19:13 of 2nd period - Shot Misses the Net.
19:23 of 2nd period - Nicolas Deslauriers is hit by Buddy Robinson and loses puck.
19:59 of 2nd period - Icing by Oskar Steen.
Goals for this period are 0 for Wolfpack vs 3 for Roadrunners.
Shots for this period are 7 for Wolfpack vs 9 for Roadrunners.

3rd period


0:01 of 3rd period - Nicolas Deslauriers wins face-off versus Joona Koppanen in neutral zone.
0:01 of 3rd period - Jacob MacDonald is hit by Jakub Lauko and loses puck.
0:02 of 3rd period - Minor Penalty to Buddy Robinson for Roughing.
0:03 of 3rd period - Zack Kassian wins face-off versus Nicolas Deslauriers in Roadrunners zone.
0:03 of 3rd period - Zack Kassian is hit by Nicolas Deslauriers.
0:25 of 3rd period - Shot by Jacob MacDonald.
0:25 of 3rd period - Shot Misses the Net.
0:27 of 3rd period - Shot by David Gust.
0:27 of 3rd period - Stopped by Mads Sogaard with a rebound.
0:50 of 3rd period - Off-side.
0:51 of 3rd period - Jeff Malott wins face-off versus Seth Griffith in neutral zone.
1:08 of 3rd period - Shot by Xavier Ouellet.
1:08 of 3rd period - Stopped by Mads Sogaard with a rebound.
1:10 of 3rd period - Shot by Mackenzie Entwistle.
1:10 of 3rd period - Shot Misses the Net.
1:39 of 3rd period - Minor Penalty to Jakub Lauko for Roughing.
1:39 of 3rd period - Minor Penalty to David Gust for Hooking.
1:40 of 3rd period - Joona Koppanen wins face-off versus Nicolas Deslauriers in neutral zone.
2:16 of 3rd period - Shot by Clark Bishop.
2:16 of 3rd period - Stopped by Samuel Ersson with a rebound.
2:24 of 3rd period - Shot by Oskar Olausson.
2:24 of 3rd period - Stopped by Samuel Ersson with a rebound.
2:57 of 3rd period - Shot by Zack Kassian.
2:57 of 3rd period - Shot Misses the Net.
3:27 of 3rd period - Shot by Benoit-Olivier Groulx.
3:27 of 3rd period - Stopped by Mads Sogaard without a rebound.
3:28 of 3rd period - Joona Koppanen wins face-off versus Evgeny Svechnikov in Roadrunners zone.
3:37 of 3rd period - Shot by Philip Kemp.
3:37 of 3rd period - Shot Misses the Net.
3:47 of 3rd period - Joel Hanley is hit by Jakub Lauko.
3:48 of 3rd period - Icing by Joel Hanley.
3:49 of 3rd period - Joona Koppanen wins face-off versus Benoit-Olivier Groulx in Wolfpack zone.
3:53 of 3rd period - Icing by Joel Hanley.
3:54 of 3rd period - Jakub Lauko wins face-off versus Benoit-Olivier Groulx in Wolfpack zone.
3:55 of 3rd period - Shot by Buddy Robinson.
3:55 of 3rd period - Shot Misses the Net.
3:57 of 3rd period - Shot by Buddy Robinson.
3:57 of 3rd period - Stopped by Samuel Ersson with a rebound.
4:18 of 3rd period - Shot by Buddy Robinson.
4:18 of 3rd period - Stopped by Samuel Ersson without a rebound.
4:19 of 3rd period - Clark Bishop wins face-off versus Charles Hudon in Wolfpack zone.
4:19 of 3rd period - Clark Bishop is hit by Xavier Ouellet.
4:27 of 3rd period - Shot by Clark Bishop.
4:27 of 3rd period - Stopped by Samuel Ersson without a rebound.
4:28 of 3rd period - Zach Senyshyn wins face-off versus Seth Griffith in Wolfpack zone.
5:12 of 3rd period - Icing by Dmitri Samorukov.
5:13 of 3rd period - Vasili Ponomarev wins face-off versus Clark Bishop in Roadrunners zone.
5:56 of 3rd period - Jakub Lauko is hit by Xavier Ouellet and loses puck.
5:59 of 3rd period - Shot by Buddy Robinson.
5:59 of 3rd period - Shot Misses the Net.
6:15 of 3rd period - Philip Kemp is hit by Nicolas Deslauriers and loses puck.
6:36 of 3rd period - Shot by John Leonard.
6:36 of 3rd period - Shot Blocked by Zack Kassian.
6:38 of 3rd period - Shot by Seth Griffith.
6:38 of 3rd period - Shot Misses the Net.
6:40 of 3rd period - Shot by John Leonard.
6:40 of 3rd period - Stopped by Mads Sogaard without a rebound.
6:41 of 3rd period - Noah Philp wins face-off versus Seth Griffith in Roadrunners zone.
6:46 of 3rd period - Shot by Tanner Fritz.
6:46 of 3rd period - Stopped by Samuel Ersson without a rebound.
6:47 of 3rd period - Seth Griffith wins face-off versus Noah Philp in Wolfpack zone.
6:47 of 3rd period - Seth Griffith is hit by Joona Koppanen.
6:55 of 3rd period - Shot by Colton White.
6:55 of 3rd period - Deflect By Mackenzie Entwistle.
6:55 of 3rd period - Stopped by Mads Sogaard with a rebound.
6:57 of 3rd period - Shot by Colton White.
6:57 of 3rd period - Shot Misses the Net.
6:59 of 3rd period - Shot by Seth Griffith.
6:59 of 3rd period - Stopped by Mads Sogaard without a rebound.
7:00 of 3rd period - Clark Bishop wins face-off versus Benoit-Olivier Groulx in Roadrunners zone.
7:00 of 3rd period - Clark Bishop is hit by Benoit-Olivier Groulx.
7:10 of 3rd period - Shot by Anton Blidh.
7:10 of 3rd period - Stopped by Samuel Ersson without a rebound.
7:11 of 3rd period - Seth Griffith wins face-off versus Oskar Steen in Wolfpack zone.
7:24 of 3rd period - Shot by Zack Kassian.
7:24 of 3rd period - Shot Misses the Net.
7:37 of 3rd period - Ryker Evans is hit by Mackenzie Entwistle and loses puck.
8:01 of 3rd period - Icing by Dmitri Samorukov.
8:02 of 3rd period - Jeff Malott wins face-off versus Vasili Ponomarev in Roadrunners zone.
8:02 of 3rd period - Jeff Malott is hit by Nicolas Deslauriers.
8:22 of 3rd period - Minor Penalty to Nicolas Deslauriers for Unsportsmanlike conduct.
8:23 of 3rd period - Mavrik Bourque wins face-off versus Joona Koppanen in Wolfpack zone.
8:34 of 3rd period - Shot by Jakub Lauko.
8:34 of 3rd period - Deflect By Joona Koppanen.
8:34 of 3rd period - Stopped by Samuel Ersson with a rebound.
8:56 of 3rd period - Shot by Dylan Coghlan.
8:56 of 3rd period - Shot Blocked by Xavier Ouellet.
9:59 of 3rd period - Oskar Steen is hit by Joel Hanley and loses puck.
10:02 of 3rd period - Shot by Jeff Malott.
10:02 of 3rd period - Shot Misses the Net.
10:22 of 3rd period - Shot by Jeff Malott.
10:22 of 3rd period - Stopped by Samuel Ersson without a rebound.
10:23 of 3rd period - Clark Bishop wins face-off versus Seth Griffith in Wolfpack zone.
11:12 of 3rd period - Shot by Vasili Ponomarev.
11:12 of 3rd period - Stopped by Mads Sogaard without a rebound.
11:13 of 3rd period - Charles Hudon wins face-off versus Oskar Steen in Roadrunners zone.
11:55 of 3rd period - Zack Kassian is hit by Connor Zary and loses puck.
12:16 of 3rd period - Shot by Noah Philp.
12:16 of 3rd period - Shot Misses the Net.
12:18 of 3rd period - Shot by Joona Koppanen.
12:18 of 3rd period - Goal by Joona Koppanen - Wolfpack : 0 - Roadrunners : 5.
12:19 of 3rd period - Seth Griffith wins face-off versus Clark Bishop in neutral zone.
12:40 of 3rd period - Shot by Clark Bishop.
12:40 of 3rd period - Stopped by Samuel Ersson without a rebound.
12:41 of 3rd period - Joona Koppanen wins face-off versus Connor Zary in Wolfpack zone.
12:42 of 3rd period - Shot by Jakub Lauko.
12:42 of 3rd period - Stopped by Samuel Ersson with a rebound.
12:44 of 3rd period - Shot by Jack Ahcan.
12:44 of 3rd period - Shot Misses the Net.
12:51 of 3rd period - Minor Penalty to Vasili Ponomarev for Tripping.
12:52 of 3rd period - Joona Koppanen wins face-off versus Nicolas Deslauriers in Wolfpack zone.
13:07 of 3rd period - Shot by Buddy Robinson.
13:07 of 3rd period - Shot Blocked by Jacob MacDonald.
13:09 of 3rd period - Shot by Dmitri Samorukov.
13:09 of 3rd period - Shot Misses the Net.
13:19 of 3rd period - Shot by Buddy Robinson.
13:19 of 3rd period - Stopped by Samuel Ersson without a rebound.
13:20 of 3rd period - Oskar Steen wins face-off versus Charles Hudon in Wolfpack zone.
13:21 of 3rd period - Shot by Dylan Coghlan.
13:21 of 3rd period - Stopped by Samuel Ersson without a rebound.
13:22 of 3rd period - Oskar Steen wins face-off versus Nicolas Deslauriers in Wolfpack zone.
13:23 of 3rd period - Shot by Jack Ahcan.
13:23 of 3rd period - Shot Misses the Net.
13:25 of 3rd period - Shot by Jack Ahcan.
13:25 of 3rd period - Stopped by Samuel Ersson without a rebound.
13:26 of 3rd period - Oskar Steen wins face-off versus Nicolas Deslauriers in Wolfpack zone.
13:26 of 3rd period - Dylan Coghlan is hit by Ty Emberson and loses puck.
13:31 of 3rd period - Shot by Jeff Malott.
13:31 of 3rd period - Shot Blocked by Nicolas Deslauriers.
13:37 of 3rd period - Shot by Dylan Coghlan.
13:37 of 3rd period - Stopped by Samuel Ersson with a rebound.
13:52 of 3rd period - Shot by Oskar Steen.
13:52 of 3rd period - Stopped by Samuel Ersson without a rebound.
13:53 of 3rd period - Charles Hudon wins face-off versus Joona Koppanen in Wolfpack zone.
13:53 of 3rd period - Charles Hudon is hit by Buddy Robinson.
14:17 of 3rd period - Shot by Charles Hudon.
14:17 of 3rd period - Stopped by Mads Sogaard without a rebound.
14:18 of 3rd period - Nicolas Deslauriers wins face-off versus Oskar Steen in Roadrunners zone.
14:33 of 3rd period - Shot by Nicolas Deslauriers.
14:33 of 3rd period - Shot Blocked by Zack Kassian.
14:51 of 3rd period - Noah Philp and Brian Lashoff fight to a draw.
14:51 of 3rd period - Penalty to Noah Philp for Fighting.
14:51 of 3rd period - Penalty to Brian Lashoff for Fighting.
14:51 of 3rd period - Penalty to Brian Lashoff for instigated a fight.
14:51 of 3rd period - Brian Lashoff is ejected from game.
14:51 of 3rd period - Minor Penalty to Tanner Fritz for Roughing.
14:51 of 3rd period - Minor Penalty to Joona Koppanen for Roughing.
14:51 of 3rd period - Minor Penalty to Joel Hanley for High sticking.
14:51 of 3rd period - Minor Penalty to Benoit-Olivier Groulx for Boarding.
14:51 of 3rd period - Minor Penalty to Calvin De Haan for Hooking.
14:52 of 3rd period - Nicolas Deslauriers wins face-off versus Clark Bishop in Roadrunners zone.
14:57 of 3rd period - Shot by Colton White.
14:57 of 3rd period - Stopped by Mads Sogaard without a rebound.
14:58 of 3rd period - David Gust wins face-off versus Clark Bishop in Roadrunners zone.
15:50 of 3rd period - Shot by Jakub Lauko.
15:50 of 3rd period - Stopped by Samuel Ersson with a rebound.
15:52 of 3rd period - Shot by Oskar Olausson.
15:52 of 3rd period - Goal by Oskar Olausson - Wolfpack : 0 - Roadrunners : 6.
15:53 of 3rd period - Clark Bishop wins face-off versus Charles Hudon in neutral zone.
16:10 of 3rd period - Off-side.
16:11 of 3rd period - Anton Blidh wins face-off versus Charles Hudon in neutral zone.
16:22 of 3rd period - Jakub Lauko is hit by Charles Hudon and loses puck.
16:37 of 3rd period - Shot by Seth Griffith.
16:37 of 3rd period - Shot Blocked by Ryker Evans.
16:49 of 3rd period - Xavier Ouellet is hit by Jakub Lauko and loses puck.
17:10 of 3rd period - Shot by Oskar Olausson.
17:10 of 3rd period - Stopped by Samuel Ersson with a rebound.
17:49 of 3rd period - Minor Penalty to Jack Ahcan for Boarding.
17:50 of 3rd period - Charles Hudon wins face-off versus Clark Bishop in Roadrunners zone.
17:50 of 3rd period - Charles Hudon is hit by Ryker Evans.
17:54 of 3rd period - Shot by Nicolas Deslauriers.
17:54 of 3rd period - Goal by Nicolas Deslauriers - Wolfpack : 1 - Roadrunners : 6.
17:55 of 3rd period - Oskar Steen wins face-off versus John Leonard in neutral zone.
18:05 of 3rd period - Shot by Jeff Malott.
18:05 of 3rd period - Deflect By Oskar Steen.
18:05 of 3rd period - Shot Misses the Net.
18:25 of 3rd period - Shot by Zack Kassian.
18:25 of 3rd period - Stopped by Samuel Ersson without a rebound.
18:26 of 3rd period - Joona Koppanen wins face-off versus Charles Hudon in Wolfpack zone.
18:27 of 3rd period - Shot by Jakub Lauko.
18:27 of 3rd period - Shot Blocked by Ty Emberson.
18:29 of 3rd period - Shot by Buddy Robinson.
18:29 of 3rd period - Shot Misses the Net.
18:53 of 3rd period - Shot by Joona Koppanen.
18:53 of 3rd period - Shot Misses the Net.
18:55 of 3rd period - Shot by Buddy Robinson.
18:55 of 3rd period - Stopped by Samuel Ersson without a rebound.
18:56 of 3rd period - Clark Bishop wins face-off versus Benoit-Olivier Groulx in Wolfpack zone.
19:23 of 3rd period - Shot by Anton Blidh.
19:23 of 3rd period - Stopped by Samuel Ersson with a rebound.
Goals for this period are 1 for Wolfpack vs 2 for Roadrunners.
Shots for this period are 10 for Wolfpack vs 23 for Roadrunners.